 Dungeon Crawl Stone Soup version 0.29-a0-409-gd843f3a48c (webtiles) character file.

Game seed: 16084597241270007550

255 croobank the Covert (level 6, -6/53 HPs)
             Began as a Gnoll Delver on May 15, 2022.
             Mangled by a gnoll sergeant
             ... wielding a +2 vorpal spear
              (13 damage)
             ... on level 4 of the Dungeon.
             The game lasted 00:08:23 (3083 turns).

croobank the Covert (Gnoll Delver)                  Turns: 3083, Time: 00:08:24

Health: -6/53      AC:  4    Str: 11    XL:     6   Next: 15%
Magic:  8/8        EV: 14    Int: 11    God:
Gold:   170        SH:  0    Dex: 20    Spells: 8/8 levels left

rFire   . . .      SeeInvis .   j - +0 lajatang
rCold   . . .      Faith    .   (shield currently unavailable)
rNeg    . . .      Spirit   .   b - +1 leather armour
rPois   +          Reflect  .   (no helmet)
rElec   .          Harm     .   (no cloak)
rCorr   .          Rampage  .   (no gloves)
Will    .....                   (no boots)
Stlth   ++++......              (no amulet)
HPRegen 0.17/turn               r - ring of poison resistance
MPRegen 0.11/turn               t - +6 ring of dexterity

@: no status effects
A: fangs 1, strong nose, distributed training
a: no special abilities


You were on level 4 of the Dungeon.
You visited 1 branch of the dungeon, and saw 5 of its levels.

You collected 170 gold pieces.

Inventory:

Hand Weapons
 a - a +0 hand axe
 j - a +0 lajatang (weapon)
 k - a +1 dagger of holy wrath
 q - a +0 war axe
 w - a +1 short sword of draining
 x - a +1 executioner's axe of venom
Missiles
 m - 125 stones
Armour
 b - a +1 leather armour (worn)
 u - a +0 chain mail
Magical Staves
 o - a staff of cold
Jewellery
 r - a ring of poison resistance (left hand)
 t - a +6 ring of dexterity (right hand)
Wands
 g - a wand of digging (3)
 h - a wand of mindburst (3) (quivered)
 p - a wand of charming (8)
Scrolls
 c - 2 scrolls of fog
 d - a scroll of magic mapping
 e - 5 scrolls of teleportation
 l - a scroll of poison
 y - a scroll of blinking
Potions
 f - a potion of curing
 i - 2 potions of ambrosia {unknown}
 n - a potion of flight {unknown}
 s - 2 potions of degeneration {unknown}
 v - a potion of lignification {unknown}
 z - a potion of might {unknown}


   Skills:
 + Level 6.8 Fighting
 + Level 1.8 Short Blades
 + Level 1.8 Long Blades
 + Level 4.9 Axes
 + Level 1.8 Maces & Flails
 + Level 1.8 Polearms
 + Level 1.8 Staves
 + Level 1.8 Slings
 + Level 1.8 Bows
 + Level 1.8 Crossbows
 + Level 1.8 Throwing
 + Level 1.8 Armour
 + Level 4.9 Dodging
 + Level 9.7 Stealth
 + Level 1.8 Shields
 + Level 1.8 Unarmed Combat
 + Level 1.8 Spellcasting
 + Level 1.4 Conjurations
 + Level 1.4 Hexes
 + Level 1.4 Summonings
 + Level 1.4 Necromancy
 + Level 1.4 Translocations
 + Level 1.4 Transmutations
 + Level 1.4 Fire Magic
 + Level 1.4 Ice Magic
 + Level 1.4 Air Magic
 + Level 1.4 Earth Magic
 + Level 1.4 Poison Magic
 + Level 2.0 Invocations
 + Level 1.8 Evocations


You had 8 spell levels left.
You didn't know any spells.
Your spell library contained the following spells:

 Spells                   Type           Power      Damage    Failure   Level
 Apportation              Tloc           8%         N/A       22%         1
 Petrify                  Tmut/Erth      4%         N/A       91%         4
 Alistair's Intoxication  Tmut/Pois      2%         N/A       99%         5
 Freezing Cloud           Conj/Ice/Air   2%         6-21      99%         5
 Metabolic Englaciation   Hex/Ice        2%         N/A       99%         5
 Simulacrum               Ice/Necr       2%         N/A       100%        6
 Statue Form              Tmut/Erth      2%         N/A       100%        6
 Polar Vortex             Ice            2%         N/A       100%        9


Dungeon Overview and Level Annotations

Branches:
Dungeon (5/15)
 Temple: D:4-7

Altars:
Wu Jian

Annotations:
D:5 Dowan


Innate Abilities, Weirdness & Mutations

You have very sharp teeth.
Your uncanny sense of smell can sniff out nearby items.
Your experience applies equally to all skills.


Message History

Press: ? - help, Dir - move target
As you read the scroll labelled AKEPSO ISOODAC, it crumbles to dust.
It was a scroll of blinking.
You see here a dart slug corpse.
There is a stone staircase leading down here.
Done exploring.
Done exploring.
(D) Dungeon
Where to? (Enter - D:3, ? - help)
You see here a +0 scale mail.
There is a stone staircase leading down here.
You climb downwards.
There is a stone staircase leading up here.
A gnoll sergeant is nearby!
Okay, then.
Aiming: Mindburst
Press: ? - help, Shift-Dir - straight line, f - gnoll sergeant
Aim: a gnoll sergeant, wielding a +2 vorpal spear and wearing a +0 scale mail (chance to affect: 72%)
The gnoll sergeant's mind is blasted!
A gnoll comes into view. It is wielding a +0 whip.
The gnoll sergeant hits you from afar with a +2 vorpal spear!
The gnoll moves out of view.
A gnoll comes into view. It is wielding a +0 club.
The gnoll sergeant hits you with a +2 vorpal spear.
The gnoll shouts!
You slash the gnoll sergeant!
The gnoll sergeant is almost dead.
The gnoll sergeant hits you with a +2 vorpal spear.
You are too injured to fight recklessly!
You are too injured to fight recklessly!
You hit the gnoll sergeant but do no damage.
The gnoll sergeant is almost dead.
A gnoll comes into view. It is wielding a +0 spear.
The gnoll sergeant hits you with a +2 vorpal spear!
The gnoll sergeant closely misses you.
The gnoll sergeant attacks as you move away!
The gnoll sergeant hits you with a +2 vorpal spear!
* * * LOW HITPOINT WARNING * * *
x2 The gnoll sergeant hits you from afar with a +2 vorpal spear!
You die...

#.......#
#.......#
#.......# ∆
#.......#
#.......# .
#.....#
..###.....####
>......@.....#
.............#
......gg..$(.#
...###.g.##.##
...###...# #
.........#
......g>#
........#
.......>+


You could see a gnoll sergeant and 3 gnolls.

Vanquished Creatures
  An ogre (D:3)
  A howler monkey (D:3)
  A hound (D:4)
  3 adders (D:2)
  A white imp (D:5)
  A worm (D:3)
  2 dart slugs
  4 orcs (D:3)
  7 ball pythons
  8 endoplasms
  A giant cockroach (D:1)
  4 goblins
  7 hobgoblins
  4 jackals (D:1)
  6 kobolds
  A quokka (D:1)
  3 bats
  A frilled lizard (D:3)
  7 rats
63 creatures vanquished.

Notes
Turn   | Place    | Note
-------+----------+-------------------------------------------
     0 | D:5      | Reached skill level 9 in Stealth
     0 | D:5      | croobank the Gnoll Delver began the quest for the Orb.
     0 | D:5      | Reached XP level 1. HP: 23/23 MP: 1/1
     2 | D:5      | Noticed a hound
    42 | D:5      | Noticed a phantom
    44 | D:5      | Noticed Dowan
    49 | D:5      | Reached XP level 2. HP: 22/29 MP: 2/2
    75 | D:5      | Noticed a water moccasin
    80 | D:5      | Noticed a scorpion
   100 | D:4      | Reached XP level 3. HP: 11/35 MP: 2/4
   136 | D:4      | Noticed a gnoll sergeant
   351 | D:2      | Reached skill level 1 in Invocations
   413 | D:2      | Reached skill level 1 in Short Blades
   413 | D:2      | Reached skill level 1 in Long Blades
   413 | D:2      | Reached skill level 1 in Maces & Flails
   413 | D:2      | Reached skill level 1 in Polearms
   413 | D:2      | Reached skill level 1 in Staves
   413 | D:2      | Reached skill level 1 in Slings
   413 | D:2      | Reached skill level 1 in Bows
   413 | D:2      | Reached skill level 1 in Crossbows
   413 | D:2      | Reached skill level 1 in Throwing
   413 | D:2      | Reached skill level 1 in Armour
   413 | D:2      | Reached skill level 1 in Shields
   413 | D:2      | Reached skill level 1 in Unarmed Combat
   413 | D:2      | Reached skill level 1 in Spellcasting
   413 | D:2      | Reached skill level 1 in Evocations
   577 | D:2      | Reached XP level 4. HP: 35/41 MP: 5/5
   819 | D:2      | Found an ornate altar of the Wu Jian Council.
  1215 | D:1      | Reached skill level 1 in Conjurations
  1215 | D:1      | Reached skill level 1 in Hexes
  1215 | D:1      | Reached skill level 1 in Summonings
  1215 | D:1      | Reached skill level 1 in Necromancy
  1215 | D:1      | Reached skill level 1 in Translocations
  1215 | D:1      | Reached skill level 1 in Transmutations
  1215 | D:1      | Reached skill level 1 in Fire Magic
  1215 | D:1      | Reached skill level 1 in Ice Magic
  1215 | D:1      | Reached skill level 1 in Air Magic
  1215 | D:1      | Reached skill level 1 in Earth Magic
  1215 | D:1      | Reached skill level 1 in Poison Magic
  2143 | D:3      | Reached XP level 5. HP: 41/47 MP: 6/6
  2353 | D:3      | Noticed an ogre
  2361 | D:3      | Killed an ogre
  2758 | D:3      | Identified a scroll of acquirement
  2758 | D:3      | Acquired a +1 executioner's axe of venom
  2810 | D:3      | Reached XP level 6. HP: 22/53 MP: 8/8
  3083 | D:4      | Mangled by a gnoll sergeant

Illustrated notes

Levels and vault maps discovered:
D:1:      minmay_arrival_wavy_path, layout_loops_ring
D:2:      layout_basic, basic_altar
D:3:      layout_loops_ring
D:4:      layout_gridville, minmay_temple_entry_antechambers, serial_shops,
          shop, gammafunk_ghost_cemetery, uniq_pikel, uniq_sigmund
D:5:      layout_rooms, lemuel_coloured_pillars_altar, uniq_duvessa

Skill      XL: |  1  2  3  4  5 |
---------------+----------------+-----
Stealth        | |  9.7
Invocations    | 1 2 |  2.0
Short Blades   | 1 |  1.8
Long Blades    | 1 |  1.8
Maces & Flails | 1 |  1.8
Polearms       | 1 |  1.8
Staves         | 1 |  1.8
Slings         | 1 |  1.8
Bows           | 1 |  1.8
Crossbows      | 1 |  1.8
Throwing       | 1 |  1.8
Armour         | 1 |  1.8
Shields        | 1 |  1.8
Unarmed Combat | 1 |  1.8
Spellcasting   | 1 |  1.8
Evocations     | 1 |  1.8
Conjurations   | 1 |  1.4
Hexes          | 1 |  1.4
Summonings     | 1 |  1.4
Necromancy     | 1 |  1.4
Translocations | 1 |  1.4
Transmutations | 1 |  1.4
Fire Magic     | 1 |  1.4
Ice Magic      | 1 |  1.4
Air Magic      | 1 |  1.4
Earth Magic    | 1 |  1.4
Poison Magic   | 1 |  1.4
Fighting       | |  6.8
Axes           | |  4.9
Dodging        | |  4.9

Action                   |  1- 3 |  4- 6 || total
-------------------------+-------+-------++-------
Melee: Hand axe          |     6 |       ||     6
       Lajatang          |    23 |   115 ||   138
       Bite              |     1 |    12 ||    13
Evoke: Wand              |     1 |     2 ||     3
  Use: Scroll            |     1 |     6 ||     7
       Potion            |     1 |       ||     1
 Stab: Sleeping          |     2 |    16 ||    18
       Distracted        |       |     1 ||     1
Armor: Leather armour    |     7 |    15 ||    22
Dodge: Dodged            |    37 |    80 ||   117

Table legend: (Time is in decaauts)
 A = Elapsed time spent in this place.
 B = Non-inter-level travel time spent in this place.
 C = Inter-level travel time spent in this place.
 D = Time resting spent in this place.
 E = Time spent auto-exploring this place.
 F = Levels seen in this place.
 G = Mean time per level.
                   A        B        C        D        E       F      G
               +--------+--------+--------+--------+--------+-----+--------+
         Total |   3110 |   3014 |     96 |    505 |   1870 |   5 |  622.0 |
       Dungeon |   3110 |   3014 |     96 |    505 |   1870 |   5 |  622.0 |
               +--------+--------+--------+--------+--------+-----+--------+

Top non-repeatable levels by time:
     D:3: 1230 daAuts
     D:2: 880 daAuts
     D:1: 866 daAuts
     D:5: 87 daAuts
     D:4: 44 daAuts
